Map: Ultralove

Players

LiquidClem (Clem)

  • Race: Protoss Protoss
  • League: Master
  • Spawn Location: 7:00

ByuN - Winner!

  • Race: Terran Terran
  • League: Diamond
  • Spawn Location: 1:00

VOD

Have the link to the VOD?

Description

Time

  • Played on: May 27, 2025, 10:24 p.m.
  • Length: 6:04
Show
View Real Time Build Order
Export as new Build Order

LiquidClem Protoss 

Build Orders: 1 Gate Expand, Blink Stalkers 

Get SALT Encoding   

  12  0:00  Probe  
  13  0:12  Probe  
  14  0:17  Pylon  
  14  0:23  Probe  
  15  0:31  Probe  
  16  0:36  Gateway  
  16  0:39  Probe  
  16  0:45  Assimilator  
  17  0:51  Probe  
  18  1:03  Probe  
  19  1:16  Nexus  
  19  1:26  Cybernetics Core  
  19  1:29  Probe  
  20  1:33  Assimilator  
  20  1:41  Probe  
  20  1:43  Pylon  
  21  1:50  Stalker  
  21  1:53  Probe  
  22  2:02  Warp Gate  
  22  2:05  Probe  
  25  2:17  Probe  
  25  2:19  Sentry  
  28  2:25  Probe  
  28  2:26  Shield Battery  
  28  2:29  Probe  
  30  2:33  Probe  
  31  2:38  Twilight Council  
  31  2:41  Probe  
  31  2:45  Shield Battery  
  31  2:46  Stalker  
  32  2:51  Probe  
  32  2:54  Probe  
  32  2:58  Blink  
  29  3:07  Probe  
  29  3:13  Gateway  
  29  3:34  Gateway  
  29  3:50  Stalker  
  29  3:52  Pylon  
  29  3:54  Pylon  
  31  4:12  Stalker x2  
  31  4:15  Pylon  
  35  4:28  Stalker  
  37  4:37  Stalker x2  
  36  4:56  Phoenix  
  34  5:02  Nexus  
  34  5:05  Sentry  
  36  5:11  Probe  
  37  5:15  Stalker  
  39  5:23  Stalker  
  39  5:28  Probe  
  42  5:34  Pylon  
  42  5:40  Probe  
  39  5:52  Probe  
Show
View Real Time Build Order
Export as new Build Order

ByuN Terran - Winner!

Build Orders:  

Get SALT Encoding   

  12  0:00  SCV  
  13  0:12  SCV  
  14  0:17  Supply Depot  
  14  0:24  SCV  
  15  0:39  Barracks  
  15  0:43  Refinery  
  16  0:55  Barracks  
  15  1:00  SCV  
  16  1:12  SCV  
  18  1:26  Barracks Tech Lab  
  18  1:28  Orbital Command  
  17  1:37  Supply Depot  
  17  1:44  Concussive Shells  
  17  1:45  Marauder  
  19  1:53  Barracks Tech Lab  
  19  1:54  SCV  
  20  2:06  Marauder  
  23  2:12  Marauder  
  23  2:15  Supply Depot  
  24  2:18  SCV  
  25  2:27  Marauder  
  27  2:31  SCV  
  27  2:35  Marauder  
  30  2:45  Bunker  
  30  2:51  SCV  
  29  3:00  Marauder  
  29  3:02  Marauder  
  29  3:03  SCV  
  29  3:15  SCV  
  30  3:27  SCV  
  30  3:31  Factory  
  31  3:40  SCV, Command Center  
  32  3:44  Refinery  
  32  3:52  SCV  
  33  4:04  SCV  
  33  4:06  Supply Depot  
  34  4:14  Factory Tech Lab  
  34  4:15  Starport  
  34  4:16  SCV  
  35  4:17  Bunker  
  35  4:28  SCV  
  35  4:29  Marine  
  35  4:30  Marine  
  38  4:33  Cyclone  
  41  4:40  SCV  
  42  4:52  SCV  
  43  4:59  Marine x2  
  40  5:01  Orbital Command  
  40  5:04  SCV  
  40  5:05  Siege Tank  
  44  5:10  Refinery  
  44  5:11  Medivac  
  46  5:15  Barracks  
  46  5:16  Marine  
  46  5:17  Marine  
  46  5:20  SCV  
  49  5:26  SCV  
  50  5:32  SCV  
  51  5:36  Engineering Bay  
  51  5:38  SCV  
  55  5:44  SCV  
  53  5:51  SCV  
Tags
 
Composition
Blink Stalkers
Matchup
PvT
Player
ByuNClem
Spawn Locations
Cross Positions
Add a new tag
Caveats
  • Supply blocks, unpowered buildings, or Contaminate may cause inaccurate times.
  • Supply counts are checked every 10 seconds.